 Dungeon Crawl Stone Soup version 0.25-a0-829-g4e6a552925 (webtiles) character file.

Game seed: 6870663029511725110, levelgen mode: deterministic

28 DavidChitty2 the Sneak (level 3, 24/24 HPs)
             Began as an Octopode Assassin on Apr 19, 2020.
             Quit the game on level 2 of the Dungeon on Apr 21, 2020.
             The game lasted 00:01:27 (1307 turns).

DavidChitty2 the Sneak (Octopode Assassin)          Turns: 1307, Time: 00:01:27

Health: 24/24      AC:  1    Str: 10    XL:     3   Next: 14%
Magic:  3/3        EV: 13    Int: 13    God:
Gold:   22         SH:  0    Dex: 14    Spells: 2/2 levels left

rFire    . . .     SeeInvis .   a - +2 dagger
rCold    . . .     Gourm    .   (no shield)
rNeg     . . .     Faith    .   (helmet restricted)
rPois    .         Spirit   .   (no amulet)
rElec    .         Reflect  .   (no ring)
rCorr    .         Harm     .   (no ring)
MR       .....                  (no ring)
Stlth    ++++......             (no ring)
HPRegen  0.08/turn              (no ring)
MPRegen  0.08/turn              (no ring)
                                (no ring)
                                (no ring)

@: no status effects
A: almost no armour, stealthy swim, amphibious, 8 rings, constrict 8, camouflage
1, gelatinous body 1
a: no special abilities


You were on level 2 of the Dungeon.
You were not hungry.

You visited 1 branch of the dungeon, and saw 2 of its levels.

You collected 22 gold pieces.

Inventory:

Hand Weapons
 a - a +2 dagger (weapon)
Missiles
 b - 8 poisoned darts (quivered)
 c - 2 curare-tipped darts {!f}
Scrolls
 g - a scroll of immolation {unknown}
Potions
 d - a potion of degeneration {unknown}
 f - a potion of brilliance {unknown}
 i - a potion of heal wounds {unknown}
Comestibles
 e - 3 rations {!d}
 h - 5 chunks of flesh


   Skills:
 + Level 2.2 Fighting
 * Level 2.5 Short Blades
 + Level 2.3 Throwing
 + Level 1.4 Dodging
 + Level 5.5 Stealth


You had 2 spell levels left.
You didn't know any spells.
Your spell library was empty.

Dungeon Overview and Level Annotations

Branches:
Dungeon (2/15)

Altars:
Kikubaaqudgha


Innate Abilities, Weirdness & Mutations

You cannot wear most types of armour.
You are very stealthy in the water. (Stealth+)
You are amphibious.
You can wear up to eight rings at the same time.
You can use your tentacles to constrict eight enemies at once.
Your skin changes colour to match your surroundings (Stealth+).
Your rubbery body absorbs attacks. (AC +1, EV +1)


Message History

The giant cockroach bites you.
You hit the giant cockroach.
You kill the giant cockroach!
You have reached level 3!
Your experience leads to an increase in your attributes!
Increase (S)trength, (I)ntelligence, or (D)exterity?
You feel agile.
You butcher the giant cockroach corpse.
h - 4 chunks of flesh (gained 2)
You now have 22 gold pieces (gained 2).
A frilled lizard comes into view.
A frilled lizard is nearby!
The helpless frilled lizard fails to defend itself.
You impale the frilled lizard!!
You kill the frilled lizard!
No target in view!
Found 12 bolts.
A rat and a dart slug come into view.
Found an ancient bone altar of Kikubaaqudgha.
There are monsters nearby!
There are monsters nearby!
A worm comes into view.
The rat misses you.
You hit the rat. Your grab misses the rat. The rat closely misses you.
You hit the rat.
You kill the rat!
The helpless worm fails to defend itself.
You impale the worm!!
You kill the worm!
You butcher the worm corpse.
h - 7 chunks of flesh (gained 3)
You see here 12 bolts.
A hobgoblin comes into view. It is wielding a +0 club.
A rat and a quokka come into view.
A hobgoblin and a kobold come into view.
A worm, a hobgoblin and a gnoll come into view.
The gnoll is wielding a +1 spear of freezing.
The hobgoblin shouts!
The kobold shouts!
The gnoll shouts!
The hobgoblin shouts!
You hear a shout! x2
The kobold barely misses you.
The hobgoblin shouts!
The kobold throws a stone.
The stone hits you but does no damage.
You see here a stone.
The kobold throws a stone.
The stone barely misses you.
Some of the chunks of flesh in your inventory have rotted away.
You see here a stone.
You see here 12 bolts.
The quokka completely misses you.
Saving game... please wait.
Welcome back, DavidChitty2 the Octopode Assassin.

...#..........#######
###.###....####.. #
###.# #.......... .
..#.# #.......... #.
#.#.###.......... #.
#.#.#.....######.
..###.###.#...........
..................####
............@.#......
..####.####r.#.......
.# ##.....##..#.......
...#.......#..........
..#.......#r####..###
......_...(........
...#.......#..####..
##.#.....r.#..#
#.##.....##..#


You could see a quokka and a rat.

Vanquished Creatures
  A worm (D:2)
  A leopard gecko (D:1)
  2 giant cockroaches
  A goblin (D:1)
  4 hobgoblins (D:1)
  4 jackals (D:1)
  A bat (D:1)
  5 frilled lizards
  A kobold (D:1)
  4 rats
24 creatures vanquished.

Notes
Turn   | Place    | Note
-------+----------+-------------------------------------------
     0 | D:1      | DavidChitty2 the Octopode Assassin began the quest for the
                  | Orb.
     0 | D:1      | Reached XP level 1. HP: 14/14 MP: 1/1
   510 | D:1      | Reached XP level 2. HP: 11/19 MP: 2/2
  1249 | D:2      | Reached XP level 3. HP: 21/24 MP: 3/3
  1267 | D:2      | Found an ancient bone altar of Kikubaaqudgha.
  1307 | D:2      | Upgraded the game from 0.25-a0-804-g50c693f418 to
                  | 0.25-a0-829-g4e6a552925
  1307 | D:2      | Quit the game

Levels and vault maps discovered:
D:1:      dpeg_arrival_leaves_temple_mockup, layout_rooms
D:2:      layout_basic, old_standard_altar, minivault_4, uniq_robin

Action                   || total
-------------------------++-------
Melee: Dagger            ||    48
       Constrict         ||    13
       Tentacles         ||     6
Throw: Dart              ||     4
 Stab: Sleeping          ||     7
  Eat: Chunk             ||     1
Armor: Skin              ||     4
Dodge: Dodged            ||    35

Table legend:
 A = Non-vault XP
 B = Vault XP
 C = Vault XP percentage of total XP
 D = Non-vault monster count
 E = Vault monster count
 F = Vault count percentage of total count
                 A         B        C        D         E       F
            +---------+---------+-------+---------+---------+-------
      Total |      41 |       0 |   0.0 |      24 |       0 |   0.0
            +---------+---------+-------+---------+---------+-------
        D:1 |      32 |       0 |   0.0 |      20 |       0 |   0.0
        D:2 |       9 |       0 |   0.0 |       4 |       0 |   0.0
            +---------+---------+-------+---------+---------+-------
